 Dungeon Crawl Stone Soup version 0.22.1-2-g9c5b331 (webtiles) character file.

67 diana the Slasher (level 3, -7/40 HPs)
             Began as a Demonspawn Gladiator on Nov 16, 2018.
             Was an Initiate of Dithmenos.
             Mangled by an ogre
             ... wielding a +0 giant spiked club
              (11 damage)
             ... on level 4 of the Dungeon.
             The game lasted 00:04:44 (2266 turns).

diana the Slasher (Demonspawn Gladiator)            Turns: 2266, Time: 00:04:44

Health: -7/40      AC: 21    Str: 12 (15) XL:     3   Next: 98%
Magic:  0/3        EV:  2    Int:  6 (9)  God:    Dithmenos [......]
Gold:   170        SH:  0    Dex: 13 (14) Spells: 2/2 levels left

rFire    . . .     SeeInvis .   a - +0 long sword
rCold    . . .     Gourm    .   (no shield)
rNeg     + + +     Faith    .   (armour currently unavailable)
rPois    +         Spirit   +   (helmet currently unavailable)
rElec    .         Reflect  .   (cloak currently unavailable)
rCorr    .         Harm     .   (gloves currently unavailable)
MR       .....     NoTele   +   (boots currently unavailable)
Stlth    +.........             (no amulet)
HPRegen  0.13/turn              (no ring)
MPRegen  0.08/turn              (no ring)

@: tree-form, very slightly contaminated, hasted, invisible, very quick
A: magic shield
a: Renounce Religion


You were on level 4 of the Dungeon.
You worshipped Dithmenos.
Dithmenos was noncommittal.
You were not hungry.
You were a tree.
You visited 1 branch of the dungeon, and saw 4 of its levels.

You collected 170 gold pieces.

Inventory:

Hand Weapons
 a - a +0 long sword (weapon)
 p - a cursed -3 rapier
Missiles
 d - 2 throwing nets (quivered)
Armour
 b - a +0 leather armour (melded)
 c - a +0 helmet (melded)
 k - a +0 pair of gloves (melded)
Jewellery
 i - an uncursed ring of resist corrosion
 j - an uncursed ring of see invisible {unknown}
Scrolls
 g - a scroll of enchant weapon {unknown}
 h - 2 scrolls of identify
 m - a scroll of amnesia {unknown}
 n - a scroll of remove curse
 o - a scroll of magic mapping {unknown}
 q - a scroll of enchant armour {unknown}
 t - 2 scrolls of teleportation {unknown}
 v - a scroll of noise {unknown}
Comestibles
 f - 9 rations


   Skills:
 + Level 2.1 Fighting
 * Level 0.9(2.5) Short Blades
 - Level 3.7(3.8) Long Blades
 - Level 1.9 Throwing
 - Level 0.1 Armour
 - Level 3.0 Dodging
 + Level 0.3 Stealth


You had 2 spell levels left.
You didn't know any spells.
Your spell library was empty.

Dungeon Overview and Level Annotations

Branches:
Dungeon (4/15)
 Temple: D:4-7

Altars:
Dithmenos
Gozag
Okawaru
Vehumet


Innate Abilities, Weirdness & Mutations

((Your flesh is cold resistant. (rC+)))
When hurt, damage is shared between your health and your magic reserves.


Message History

The ogre is heavily wounded.
The worm bites you.
* * * LOW HITPOINT WARNING * * *
The ogre hits you with a giant spiked club!
* * * LOW HITPOINT WARNING * * *
You strike the helpless ogre from behind!
You hit the ogre but do no damage.
The ogre is heavily wounded.
The worm bites you but does no damage.
You completely miss the ogre.
The ogre is heavily wounded.
The orc wizard hits you but does no damage.
The ogre hits you with a giant spiked club.
* * * LOW HITPOINT WARNING * * *
The worm bites you but does no damage.
You hit the ogre.
The ogre is heavily wounded.
You feel yourself speed up.
The ogre hits you with a giant spiked club!
You die...

... ####..[## #.###.#
#........ ........#
#.##..... #.#.##..#
###.#.o.... #.#.##..#
#........##
##.#.##..###.#...w..#
.###.................##.#
........Owo.....#....# #.
#....♣.......##.##.# .
#.##>##.####.##.# #..
###.##.##.# #.##.# ... #
#......##.####.##.. ##
.##.#.#..##.#........
........#...#.##.# ##.
#######.#.#..####.##.#
.....#......# #<##.#
............####....#


You could see an ogre, a worm and an orc wizard.

Vanquished Creatures
  An adder (D:2)
  A worm (D:2)
  3 dart slugs
  A ball python (D:1)
  7 bats
  9 goblins
  2 hobgoblins
  7 jackals
  5 kobolds
  2 frilled lizards
  8 rats
46 creatures vanquished.

Vanquished Creatures (others)
  2 kobolds (D:2)
2 creatures vanquished.

Grand Total: 48 creatures vanquished

Notes
Turn   | Place    | Note
-------+----------+-------------------------------------------
     0 | D:1      | diana the Demonspawn Gladiator began the quest for the Orb.
     0 | D:1      | Reached XP level 1. HP: 16/16 MP: 1/1
   236 | D:1      | Gained mutation: When hurt, damage is shared between your
                  | health and your magic reserves. [demonic ancestry]
   236 | D:1      | Reached XP level 2. HP: 22/22 MP: 2/2
   816 | D:2      | Found a radiant altar of Vehumet.
   839 | D:2      | Gained mutation: Your flesh is cold resistant. (rC+)
                  | [demonic ancestry]
   839 | D:2      | Reached XP level 3. HP: 18/27 MP: 1/3
  1092 | D:2      | Found a shadowy altar of Dithmenos.
  1110 | D:2      | Became a worshipper of Dithmenos the Shadowed
  1763 | D:3      | Found an opulent altar of Gozag.
  1943 | D:3      | Found an iron altar of Okawaru.
  1977 | D:3      | Noticed an orc warrior
  2233 | D:4      | Noticed an ogre
  2256 | D:4      | HP: 1/40 [ogre/giant spiked club (20)]
  2266 | D:4      | Mangled by an ogre

Skill      XL: |  1  2 |
---------------+-------+-----
Long Blades    | 3 |  3.7
Dodging        | 3 |  3.0
Fighting       | |  2.1
Short Blades   | |  0.9
Throwing       | |  1.9
Armour         | |  0.1
Stealth        | |  0.3

Action                   || total
-------------------------++-------
Melee: Long sword        ||   110
Throw: Throwing net      ||     1
  Use: Potion            ||     6
       Scroll            ||     3
 Stab: Invisible         ||     1
  Eat: Chunk             ||     2
       Ration            ||     1
Armor: Leather armour    ||    31
       Skin              ||    11
Dodge: Dodged            ||    95
       Rpst.: Long sword ||    29
